Tampa Bay Lightning vs Minnesota North Stars
Created - Friday, April 11, 2025 at 08:55
Goals
|
| Tampa Bay Lightning |
1 |
0 |
0 |
0 |
0 |
1 |
| Minnesota North Stars |
1 |
0 |
0 |
0 |
1 |
2 |
|
Shots
|
| Tampa Bay Lightning |
9 |
11 |
5 |
0 |
3 |
25 |
| Minnesota North Stars |
14 |
15 |
9 |
1 |
2 |
39 |
|
1st period
1. Minnesota North Stars , William Karlsson 12 (Valeri Nichushkin 36) at 2:03
2. Tampa Bay Lightning , Trevor Moore 11 (Michael Matheson 14, Jason Dickinson 9) at 4:30 (SH)
Penalties :
Hampus Lindholm (TBL) for High sticking (Minor) at 4:18
2nd period
No Goal
Penalties :
Dylan Cozens (TBL) for Interference (Minor) at 6:30, Michael Matheson (TBL) for Holding (Minor) at 12:41
3rd period
No Goal
Penalties :
Jonathan Huberdeau (TBL) for Interference (Minor) at 10:37
Overtime #1
No Goal
Penalties :
No Penalty
Shootout
Tampa Bay Lightning, Trevor Moore - Stopped by Logan Thompson
Minnesota North Stars, Valeri Nichushkin - Shot Misses the Net
Tampa Bay Lightning, Filip Forsberg - Stopped by Logan Thompson
Minnesota North Stars, William Karlsson - Goal!
Tampa Bay Lightning, Kirill Kaprizov - Stopped by Logan Thompson
Penalties :
No Penalty
Goalie Stats
Darcy Kuemper (TBL), 38 saves from 39 shots - (0.974), OTL, 29-7-4, 65:00 minutes
Logan Thompson (MNS), 24 saves from 25 shots - (0.960), W, 17-8-5, 65:00 minutes
Players Stats for Tampa Bay Lightning
Player Name G A P +/- PIM S H SB GA TA FO MP PP MP PK MP
------------------------------------------------------------------------------------
Anze Kopitar 0 0 0 0 0 3 2 0 0 0 13/21 21:46 0:00 3:57
Brent Burns 0 0 0 -1 0 4 0 4 1 0 0/0 22:07 0:00 1:03
Darnell Nurse 0 0 0 1 0 1 3 1 0 1 0/0 21:22 0:00 3:57
Dylan Cozens 0 0 0 0 2 1 2 0 0 0 0/0 10:41 0:00 2:47
Filip Forsberg 0 0 0 -1 0 4 4 0 0 0 0/2 16:11 0:00 0:00
Gustav Nyquist 0 0 0 0 0 2 0 0 1 0 0/2 15:15 0:00 0:00
Hampus Lindholm 0 0 0 0 2 0 1 1 0 0 0/0 17:30 0:00 0:00
Jamie Benn 0 0 0 0 0 0 1 0 1 0 5/8 15:28 0:00 0:00
Jason Dickinson 0 1 1 1 0 0 0 0 0 0 6/10 10:40 0:00 3:58
Jonathan Huberdeau 0 0 0 0 2 2 0 0 0 0 0/0 13:49 0:00 0:00
Jordan Martinook 0 0 0 0 0 0 0 0 0 0 0/0 6:42 0:00 0:00
Kirill Kaprizov 0 0 0 0 0 2 1 0 0 1 0/1 16:55 0:00 0:10
Michael Matheson 0 1 1 1 2 1 0 0 0 0 0/0 23:05 0:00 3:28
Moritz Seider 0 0 0 -1 0 0 1 3 0 1 0/0 24:30 0:00 3:42
Roope Hintz 0 0 0 -1 0 1 1 0 0 0 9/19 17:03 0:00 0:00
Travis Konecny 0 0 0 -1 0 3 5 0 1 0 0/2 19:31 0:00 1:02
Trevor Moore 1 0 1 1 0 1 0 1 1 0 1/2 17:13 0:00 3:58
Tyler Myers 0 0 0 0 0 0 1 1 0 1 0/0 22:12 0:00 3:42
Players Stats for Minnesota North Stars
Player Name G A P +/- PIM S H SB GA TA FO MP PP MP PK MP
------------------------------------------------------------------------------------
Alexander Kerfoot 0 0 0 0 0 2 2 0 0 1 0/0 13:54 0:00 0:00
Brock Nelson 0 0 0 0 0 3 1 0 0 0 5/15 15:12 0:00 0:00
Dylan DeMelo 0 0 0 0 0 4 2 0 0 0 0/0 17:22 0:00 0:00
Erik Cernak 0 0 0 1 0 0 1 0 0 0 0/0 16:59 0:00 0:00
Evan Rodrigues 0 0 0 0 0 1 0 0 0 0 1/3 9:29 0:00 0:00
Evgeni Malkin 0 0 0 0 0 2 0 0 0 0 7/18 19:44 3:56 0:00
Frank Vatrano 0 0 0 1 0 3 2 0 0 1 0/0 18:37 3:56 0:00
Gustav Forsling 0 0 0 -1 0 1 0 0 0 1 0/0 23:24 4:08 0:00
Ivan Barbashev 0 0 0 0 0 4 1 0 0 0 0/0 9:29 0:00 0:00
Jack Hughes 0 0 0 -1 0 3 0 0 1 0 0/0 19:46 4:00 0:00
Jonas Brodin 0 0 0 0 0 0 0 0 0 0 0/0 24:36 3:48 0:00
Jonathan Marchessault 0 0 0 -1 0 1 1 0 0 1 0/0 18:11 4:00 0:00
Lawson Crouse 0 0 0 0 0 1 0 0 0 0 1/1 9:29 0:00 0:00
Neal Pionk 0 0 0 -1 0 0 3 1 0 0 0/0 23:24 4:08 0:00
Rasmus Dahlin 0 0 0 1 0 0 2 0 1 0 0/0 24:15 3:48 0:00
Ryan Nugent-Hopkins 0 0 0 0 0 4 0 0 0 0 0/0 14:49 0:00 0:00
Valeri Nichushkin 0 1 1 1 0 5 2 0 2 0 0/0 20:41 3:56 0:00
William Karlsson 1 0 1 0 0 5 1 0 0 1 19/30 20:39 4:00 0:00
3 Stars
1 - Darcy Kuemper (TBL)
2 - Logan Thompson (MNS)
3 - William Karlsson (MNS)
Power Play
Tampa Bay Lightning - 0 on 0 Attempt(s) - 0.00%
Minnesota North Stars - 0 on 4 Attempt(s) - 0.00%
Penalty Kill
Tampa Bay Lightning - 4 on 4 Attempt(s) - 100.00%
- Score 1 goal in Penalty Kill
Minnesota North Stars - 0 on 0 Attempt(s) - 0.00%
- Score 0 goal in Penalty Kill
Team Stat
Tampa Bay Lightning - Hits : 22 - Faceoff Wins : 34 - Blocked Shots : 11 - Penalty Minutes : 8
Minnesota North Stars - Hits : 18 - Faceoff Wins : 33 - Blocked Shots : 1 - Penalty Minutes : 0
Official
Referees : Chris Rooney and Francis Charron
Linesman : Andrew Smith and Mark Shewchyk
Game Notes
No Game Note
Finance
Level 1 -- Attendance: 4702 (78.37%) -- Ticket Income $470,200
Level 2 -- Attendance: 4314 (86.28%) -- Ticket Income $258,840
Level 3 -- Attendance: 2207 (73.57%) -- Ticket Income $77,245
Level 4 -- Attendance: 3886 (77.72%) -- Ticket Income $97,150
Luxury Box -- Attendance: 886 (88.60%) -- Ticket Income $177,200
Game was played at the Met Center.
Total Attendance: 15995 (79.98%)
Total Ticket Income: $1,080,635
Other Income: $378,222
Total Income: $1,458,857
Tampa Bay Lightning
5 vs 5 Forward
Center Left Wing Right Wing Time % Phy DF OF
1 Anze Kopitar Kirill Kaprizov Gustav Nyquist 34 0 2 3
2 Roope Hintz Travis Konecny Filip Forsberg 33 0 3 2
3 Jamie Benn Trevor Moore Jonathan Huberdeau 28 0 2 3
4 Jason Dickinson Dylan Cozens Jordan Martinook 5 0 2 3
5 vs 5 Defense
Defense Defense Time % Phy DF OF
1 Moritz Seider Brent Burns 36 1 3 1
2 Michael Matheson Hampus Lindholm 34 1 3 1
3 Darnell Nurse Tyler Myers 30 1 3 1
4 Moritz Seider Michael Matheson 0 1 2 2
PowerPlay Forward
Center Left Wing Right Wing Time % Phy DF OF
1 Anze Kopitar Kirill Kaprizov Filip Forsberg 50 1 2 2
2 Roope Hintz Jamie Benn Travis Konecny 50 1 2 2
PowerPlay Defense
Defense Defense Time % Phy DF OF
1 Michael Matheson Moritz Seider 50 1 2 2
2 Brent Burns Darnell Nurse 50 1 2 2
Penalty Kill 4 Players Forward
Center Wing Time % Phy DF OF
1 Jason Dickinson Trevor Moore 50 1 2 2
2 Anze Kopitar Dylan Cozens 50 1 2 2
Penalty Kill 4 Players Defense
Defense Defense Time % Phy DF OF
1 Moritz Seider Tyler Myers 50 1 2 2
2 Michael Matheson Darnell Nurse 50 1 2 2
Penalty Kill - 3 Players Forward
Forward Time % Phy DF OF
1 Anze Kopitar 50 1 2 2
2 Jason Dickinson 50 1 2 2
Penalty Kill - 3 Players Defense
Defense Defense Time % Phy DF OF
1 Michael Matheson Darnell Nurse 50 1 2 2
2 Moritz Seider Tyler Myers 50 1 2 2
4 vs 4 Forward
Center Wing Time % Phy DF OF
1 Jamie Benn Travis Konecny 50 1 2 2
2 Anze Kopitar Roope Hintz 50 1 2 2
4 vs 4 Defense
Defense Defense Time % Phy DF OF
1 Michael Matheson Moritz Seider 50 1 2 2
2 Brent Burns Tyler Myers 50 1 2 2
Last Minutes Offensive
Center Left Wing Right Wing Defense Defense
Anze Kopitar Kirill Kaprizov Filip Forsberg Michael Matheson Moritz Seider
Last Minutes Defensive
Center Left Wing Right Wing Defense Defense
Anze Kopitar Jason Dickinson Travis Konecny Moritz Seider Hampus Lindholm
Goaltenders
Starting : Darcy Kuemper
Backup : Jeremy Swayman
Extra Forwards
Normal : Travis Konecny, Filip Forsberg, Jamie Benn - PP : Jonathan Huberdeau, Trevor Moore - PK : Travis Konecny
Extra Defensemen
Normal : Darnell Nurse, Michael Matheson, Moritz Seider - PP : Moritz Seider - PK : Brent Burns, Darnell Nurse
Penalty Shots
Trevor Moore, Filip Forsberg, Kirill Kaprizov, Gustav Nyquist, Jonathan Huberdeau
Scratches
None
Minnesota North Stars
5 vs 5 Forward
Center Left Wing Right Wing Time % Phy DF OF
1 William Karlsson Valeri Nichushkin Frank Vatrano 29 0 2 3
2 Evgeni Malkin Jack Hughes Alexander Kerfoot 28 0 2 3
3 Brock Nelson Ryan Nugent-Hopkins Jonathan Marchessault 28 0 2 3
4 Evan Rodrigues Lawson Crouse Ivan Barbashev 15 0 2 3
5 vs 5 Defense
Defense Defense Time % Phy DF OF
1 Rasmus Dahlin Erik Cernak 34 0 3 2
2 Gustav Forsling Neal Pionk 33 0 3 2
3 Jonas Brodin Dylan DeMelo 33 0 3 2
4 Rasmus Dahlin Neal Pionk 0 1 2 2
PowerPlay Forward
Center Left Wing Right Wing Time % Phy DF OF
1 Evgeni Malkin Valeri Nichushkin Frank Vatrano 50 0 0 5
2 William Karlsson Jack Hughes Jonathan Marchessault 50 0 0 5
PowerPlay Defense
Defense Defense Time % Phy DF OF
1 Rasmus Dahlin Jonas Brodin 50 0 2 3
2 Gustav Forsling Neal Pionk 50 0 2 3
Penalty Kill 4 Players Forward
Center Wing Time % Phy DF OF
1 William Karlsson Lawson Crouse 50 0 5 0
2 Alexander Kerfoot Ryan Nugent-Hopkins 50 0 5 0
Penalty Kill 4 Players Defense
Defense Defense Time % Phy DF OF
1 Erik Cernak Dylan DeMelo 50 0 5 0
2 Jonas Brodin Gustav Forsling 50 0 5 0
Penalty Kill - 3 Players Forward
Forward Time % Phy DF OF
1 William Karlsson 50 0 5 0
2 Alexander Kerfoot 50 0 5 0
Penalty Kill - 3 Players Defense
Defense Defense Time % Phy DF OF
1 Erik Cernak Dylan DeMelo 50 0 5 0
2 Jonas Brodin Gustav Forsling 50 0 5 0
4 vs 4 Forward
Center Wing Time % Phy DF OF
1 William Karlsson Valeri Nichushkin 50 0 2 3
2 Evgeni Malkin Jack Hughes 50 0 1 4
4 vs 4 Defense
Defense Defense Time % Phy DF OF
1 Rasmus Dahlin Jonas Brodin 50 1 2 2
2 Gustav Forsling Neal Pionk 50 0 3 2
Last Minutes Offensive
Center Left Wing Right Wing Defense Defense
William Karlsson Valeri Nichushkin Frank Vatrano Rasmus Dahlin Neal Pionk
Last Minutes Defensive
Center Left Wing Right Wing Defense Defense
William Karlsson Lawson Crouse Frank Vatrano Erik Cernak Gustav Forsling
Goaltenders
Starting : Logan Thompson
Backup : Charlie Lindgren
Extra Forwards
Normal : Brock Nelson, Ryan Nugent-Hopkins, Alexander Kerfoot - PP : Brock Nelson, Ryan Nugent-Hopkins - PK : Alexander Kerfoot
Extra Defensemen
Normal : Jonas Brodin, Dylan DeMelo, Gustav Forsling - PP : Jonas Brodin - PK : Dylan DeMelo, Gustav Forsling
Penalty Shots
Valeri Nichushkin, William Karlsson, Evgeni Malkin, Jack Hughes, Brock Nelson
Scratches
Michael Rasmussen (Healthy), Cam York (Healthy), Matt Roy (Healthy)
% Time on Ice - Tampa Bay Lightning
Lines # - Real PCT - Wanted PCT - Time Play
Normal Forward
1 - 32% - 34% - 16:29
2 - 30% - 33% - 15:38
3 - 25% - 28% - 13:15
4 - 13% - 5% - 6:42
Normal Defense
1 - 34% - 36% - 17:56
2 - 36% - 34% - 18:43
3 - 30% - 30% - 15:25
4 - 0% - 0% - 0:00
PP Forward
1 - 0% - 50%
2 - 0% - 50%
PP Defense
1 - 0% - 50%
2 - 0% - 50%
PK Forward
1 - 50% - 50% - 3:59
2 - 50% - 50% - 3:57
PK Defense
1 - 47% - 50% - 3:42
2 - 53% - 50% - 4:14
PK3 Forward
1 - 0% - 50%
2 - 0% - 50%
PK3 Defense
1 - 0% - 50%
2 - 0% - 50%
44 Forward
1 - 53% - 50% - 2:38
2 - 47% - 50% - 2:22
44 Defense
1 - 50% - 50% - 2:30
2 - 50% - 50% - 2:30
Last Minute Offensive - 0:00
Last Minute Defensive - 0:00
Total
Forward - 65:00
Defense - 65:00
|
% Time on Ice - Minnesota North Stars
Lines # - Real PCT - Wanted PCT - Time Play
Normal Forward
1 - 28% - 29% - 14:44
2 - 26% - 28% - 13:45
3 - 27% - 28% - 14:06
4 - 18% - 15% - 9:29
Normal Defense
1 - 36% - 34% - 18:39
2 - 33% - 33% - 17:08
3 - 31% - 33% - 16:17
4 - 0% - 0% - 0:00
PP Forward
1 - 50% - 50% - 3:56
2 - 50% - 50% - 4:00
PP Defense
1 - 48% - 50% - 3:48
2 - 52% - 50% - 4:08
PK Forward
1 - 0% - 50%
2 - 0% - 50%
PK Defense
1 - 0% - 50%
2 - 0% - 50%
PK3 Forward
1 - 0% - 50%
2 - 0% - 50%
PK3 Defense
1 - 0% - 50%
2 - 0% - 50%
44 Forward
1 - 51% - 50% - 2:32
2 - 49% - 50% - 2:28
44 Defense
1 - 54% - 50% - 2:41
2 - 46% - 50% - 2:19
Last Minute Offensive - 0:00
Last Minute Defensive - 0:00
Total
Forward - 65:00
Defense - 65:00
|
Play-by-Play
1st period
0:01 of 1st period - Anze Kopitar wins face-off versus William Karlsson in neutral zone.
0:14 of 1st period - Slapshot by Kirill Kaprizov.
0:14 of 1st period - Stopped by Logan Thompson without a rebound.
0:15 of 1st period - Roope Hintz wins face-off versus Evgeni Malkin in Minnesota North Stars zone.
0:48 of 1st period - Hampus Lindholm is hit by Neal Pionk and loses puck.
1:07 of 1st period - Snap shot by Gustav Nyquist.
1:07 of 1st period - Shot Misses the Net.
1:10 of 1st period - Icing by Gustav Forsling.
1:11 of 1st period - Anze Kopitar wins face-off versus Evgeni Malkin in Minnesota North Stars zone.
1:20 of 1st period - Slapshot by Jack Hughes.
1:20 of 1st period - Shot Misses the Net.
1:37 of 1st period - Wrist shot by Jack Hughes.
1:37 of 1st period - Deflect By Evgeni Malkin.
1:37 of 1st period - Shot Blocked by Tyler Myers.
1:37 of 1st period - Puck is out of play.
1:38 of 1st period - Brock Nelson wins face-off versus Trevor Moore in Tampa Bay Lightning zone.
1:43 of 1st period - Snap shot by Brock Nelson.
1:43 of 1st period - Stopped by Darcy Kuemper without a rebound.
1:44 of 1st period - Brock Nelson wins face-off versus Jamie Benn in Tampa Bay Lightning zone.
1:53 of 1st period - Wrist shot by Jonathan Marchessault.
1:53 of 1st period - Stopped by Darcy Kuemper without a rebound.
1:54 of 1st period - William Karlsson wins face-off versus Roope Hintz in Tampa Bay Lightning zone.
1:55 of 1st period - Snap shot by Valeri Nichushkin.
1:55 of 1st period - Stopped by Darcy Kuemper with a rebound.
1:57 of 1st period - Wrist shot by Frank Vatrano.
1:57 of 1st period - Deflect By Valeri Nichushkin.
1:57 of 1st period - Shot Misses the Net.
1:57 of 1st period - Puck is out of play.
1:58 of 1st period - William Karlsson wins face-off versus Roope Hintz in Tampa Bay Lightning zone.
2:03 of 1st period - Snap shot by William Karlsson.
2:03 of 1st period - Goal by William Karlsson - Tampa Bay Lightning : 0 - Minnesota North Stars : 1.
2:04 of 1st period - Jamie Benn wins face-off versus Brock Nelson in neutral zone.
2:35 of 1st period - Snap shot by Filip Forsberg.
2:35 of 1st period - Shot Misses the Net.
2:37 of 1st period - Slapshot by Tyler Myers.
2:37 of 1st period - Deflect By Filip Forsberg.
2:37 of 1st period - Stopped by Logan Thompson without a rebound.
2:38 of 1st period - William Karlsson wins face-off versus Anze Kopitar in Minnesota North Stars zone.
2:38 of 1st period - William Karlsson is hit by Kirill Kaprizov.
3:05 of 1st period - Evan Rodrigues is hit by Filip Forsberg and loses puck.
4:16 of 1st period - Wrist shot by Evgeni Malkin.
4:16 of 1st period - Stopped by Darcy Kuemper with a rebound.
4:18 of 1st period - Minor Penalty to Hampus Lindholm for High sticking.
4:19 of 1st period - William Karlsson wins face-off versus Jason Dickinson in Tampa Bay Lightning zone.
4:20 of 1st period - Snap shot by Jack Hughes.
4:20 of 1st period - Deflect By Michael Matheson.
4:20 of 1st period - Shot Misses the Net.
4:20 of 1st period - Puck is out of play.
4:21 of 1st period - Jason Dickinson wins face-off versus William Karlsson in Tampa Bay Lightning zone.
4:28 of 1st period - Slapshot by Trevor Moore.
4:28 of 1st period - Shot Misses the Net.
4:30 of 1st period - Slapshot by Michael Matheson.
4:30 of 1st period - Deflect By Trevor Moore.
4:30 of 1st period - Goal by Trevor Moore - Tampa Bay Lightning : 1 - Minnesota North Stars : 1.
4:31 of 1st period - Anze Kopitar wins face-off versus Evgeni Malkin in neutral zone.
5:08 of 1st period - Snap shot by Valeri Nichushkin.
5:08 of 1st period - Shot Misses the Net.
5:30 of 1st period - Snap shot by Evgeni Malkin.
5:30 of 1st period - Stopped by Darcy Kuemper without a rebound.
5:31 of 1st period - Anze Kopitar wins face-off versus William Karlsson in Tampa Bay Lightning zone.
6:18 of 1st period - Penalty to Hampus Lindholm is over, Hampus Lindholm is back on ice.
6:26 of 1st period - Wrist shot by Ivan Barbashev.
6:26 of 1st period - Shot Blocked by Moritz Seider.
6:28 of 1st period - Snap shot by Ivan Barbashev.
6:28 of 1st period - Stopped by Darcy Kuemper without a rebound.
6:29 of 1st period - Roope Hintz wins face-off versus Evan Rodrigues in Tampa Bay Lightning zone.
6:34 of 1st period - Snap shot by Roope Hintz.
6:34 of 1st period - Stopped by Logan Thompson with a rebound.
7:50 of 1st period - Gustav Forsling is hit by Filip Forsberg and loses puck.
8:19 of 1st period - Darnell Nurse is hit by Jonathan Marchessault.
8:41 of 1st period - William Karlsson is hit by Darnell Nurse and loses puck.
9:02 of 1st period - Snap shot by Lawson Crouse.
9:02 of 1st period - Shot Misses the Net.
9:04 of 1st period - Wrist shot by Evan Rodrigues.
9:04 of 1st period - Stopped by Darcy Kuemper with a rebound.
9:20 of 1st period - Darnell Nurse is hit by Rasmus Dahlin and loses puck.
10:30 of 1st period - Slapshot by Evgeni Malkin.
10:30 of 1st period - Deflect By Jack Hughes.
10:30 of 1st period - Shot Hit the Post.
10:30 of 1st period - Puck is out of play.
10:31 of 1st period - Anze Kopitar wins face-off versus William Karlsson in Tampa Bay Lightning zone.
10:36 of 1st period - Slapshot by Anze Kopitar.
10:36 of 1st period - Stopped by Logan Thompson without a rebound.
10:37 of 1st period - Anze Kopitar wins face-off versus William Karlsson in Minnesota North Stars zone.
11:33 of 1st period - Jonas Brodin is hit by Hampus Lindholm and loses puck.
12:18 of 1st period - Jordan Martinook is hit by Brock Nelson and loses puck.
12:30 of 1st period - Off-side.
12:31 of 1st period - Evan Rodrigues wins face-off versus Anze Kopitar in neutral zone.
12:43 of 1st period - Snap shot by Gustav Nyquist.
12:43 of 1st period - Shot Misses the Net.
13:04 of 1st period - Snap shot by Evan Rodrigues.
13:04 of 1st period - Deflect By Ivan Barbashev.
13:04 of 1st period - Stopped by Darcy Kuemper with a rebound.
13:06 of 1st period - Slapshot by Dylan DeMelo.
13:06 of 1st period - Stopped by Darcy Kuemper without a rebound.
13:07 of 1st period - Roope Hintz wins face-off versus William Karlsson in Tampa Bay Lightning zone.
13:07 of 1st period - Roope Hintz is hit by Frank Vatrano.
13:39 of 1st period - Snap shot by Ryan Nugent-Hopkins.
13:39 of 1st period - Stopped by Darcy Kuemper without a rebound.
13:40 of 1st period - Anze Kopitar wins face-off versus Brock Nelson in Tampa Bay Lightning zone.
13:45 of 1st period - Slapshot by Kirill Kaprizov.
13:45 of 1st period - Stopped by Logan Thompson without a rebound.
13:46 of 1st period - Brock Nelson wins face-off versus Anze Kopitar in Minnesota North Stars zone.
13:51 of 1st period - Snap shot by Ryan Nugent-Hopkins.
13:51 of 1st period - Shot Misses the Net.
13:59 of 1st period - Snap shot by Gustav Nyquist.
13:59 of 1st period - Stopped by Logan Thompson with a rebound.
14:01 of 1st period - Snap shot by Kirill Kaprizov.
14:01 of 1st period - Shot Blocked by Neal Pionk.
14:03 of 1st period - Wrist shot by Gustav Nyquist.
14:03 of 1st period - Stopped by Logan Thompson with a rebound.
14:53 of 1st period - Brent Burns is hit by Ivan Barbashev.
15:14 of 1st period - Off-side.
15:15 of 1st period - Brock Nelson wins face-off versus Anze Kopitar in neutral zone.
15:42 of 1st period - Frank Vatrano is hit by Travis Konecny and loses puck.
15:49 of 1st period - Slapshot by Filip Forsberg.
15:49 of 1st period - Stopped by Logan Thompson without a rebound.
15:50 of 1st period - Jamie Benn wins face-off versus William Karlsson in Minnesota North Stars zone.
16:22 of 1st period - Wrist shot by Brock Nelson.
16:22 of 1st period - Stopped by Darcy Kuemper without a rebound.
16:23 of 1st period - Roope Hintz wins face-off versus Brock Nelson in Tampa Bay Lightning zone.
16:43 of 1st period - Icing by Erik Cernak.
16:44 of 1st period - Brock Nelson wins face-off versus Anze Kopitar in Minnesota North Stars zone.
18:15 of 1st period - Icing by Rasmus Dahlin.
18:16 of 1st period - Jamie Benn wins face-off versus Brock Nelson in Minnesota North Stars zone.
18:27 of 1st period - Wrist shot by Brock Nelson.
18:27 of 1st period - Shot Misses the Net.
18:37 of 1st period - Slapshot by Ryan Nugent-Hopkins.
18:37 of 1st period - Shot Misses the Net.
18:41 of 1st period - Snap shot by Ryan Nugent-Hopkins.
18:41 of 1st period - Stopped by Darcy Kuemper with a rebound.
18:43 of 1st period - Wrist shot by Brock Nelson.
18:43 of 1st period - Shot Misses the Net.
19:16 of 1st period - Wrist shot by Ryan Nugent-Hopkins.
19:16 of 1st period - Shot Misses the Net.
19:18 of 1st period - Snap shot by Ryan Nugent-Hopkins.
19:18 of 1st period - Shot Blocked by Brent Burns.
19:20 of 1st period - Slapshot by Rasmus Dahlin.
19:20 of 1st period - Shot Misses the Net.
19:22 of 1st period - Slapshot by Erik Cernak.
19:22 of 1st period - Shot Misses the Net.
19:24 of 1st period - Slapshot by Ryan Nugent-Hopkins.
19:24 of 1st period - Stopped by Darcy Kuemper with a rebound.
19:26 of 1st period - Slapshot by Erik Cernak.
19:26 of 1st period - Shot Blocked by Brent Burns.
19:52 of 1st period - Backhand shot by Jonathan Marchessault.
19:52 of 1st period - Deflect By Ryan Nugent-Hopkins.
19:52 of 1st period - Shot Misses the Net.
19:52 of 1st period - Puck is out of play.
19:53 of 1st period - William Karlsson wins face-off versus Roope Hintz in Tampa Bay Lightning zone.
19:56 of 1st period - Wrist shot by Valeri Nichushkin.
19:56 of 1st period - Shot Misses the Net.
Goals for this period are 1 for Tampa Bay Lightning vs 1 for Minnesota North Stars.
Shots for this period are 9 for Tampa Bay Lightning vs 14 for Minnesota North Stars.
2nd period
0:01 of 2nd period - Roope Hintz wins face-off versus William Karlsson in neutral zone.
1:18 of 2nd period - Snap shot by Filip Forsberg.
1:18 of 2nd period - Stopped by Logan Thompson without a rebound.
1:19 of 2nd period - Anze Kopitar wins face-off versus Evgeni Malkin in Minnesota North Stars zone.
1:36 of 2nd period - Wrist shot by Gustav Nyquist.
1:36 of 2nd period - Deflect By Kirill Kaprizov.
1:36 of 2nd period - Shot Misses the Net.
1:36 of 2nd period - Puck is out of play.
1:37 of 2nd period - William Karlsson wins face-off versus Roope Hintz in Minnesota North Stars zone.
1:42 of 2nd period - Snap shot by William Karlsson.
1:42 of 2nd period - Stopped by Darcy Kuemper without a rebound.
1:43 of 2nd period - William Karlsson wins face-off versus Roope Hintz in Tampa Bay Lightning zone.
1:54 of 2nd period - Slapshot by Valeri Nichushkin.
1:54 of 2nd period - Stopped by Darcy Kuemper with a rebound.
2:07 of 2nd period - Icing by William Karlsson.
2:08 of 2nd period - William Karlsson wins face-off versus Kirill Kaprizov in Minnesota North Stars zone.
2:17 of 2nd period - Wrist shot by Evgeni Malkin.
2:17 of 2nd period - Shot Blocked by Brent Burns.
2:19 of 2nd period - Wrist shot by Alexander Kerfoot.
2:19 of 2nd period - Stopped by Darcy Kuemper with a rebound.
2:21 of 2nd period - Wrist shot by Alexander Kerfoot.
2:21 of 2nd period - Deflect By Jack Hughes.
2:21 of 2nd period - Stopped by Darcy Kuemper with a rebound.
2:23 of 2nd period - Slapshot by Dylan DeMelo.
2:23 of 2nd period - Stopped by Darcy Kuemper with a rebound.
2:25 of 2nd period - Snap shot by Alexander Kerfoot.
2:25 of 2nd period - Stopped by Darcy Kuemper without a rebound.
2:26 of 2nd period - William Karlsson wins face-off versus Filip Forsberg in Tampa Bay Lightning zone.
2:39 of 2nd period - Snap shot by William Karlsson.
2:39 of 2nd period - Stopped by Darcy Kuemper without a rebound.
2:40 of 2nd period - Evgeni Malkin wins face-off versus Roope Hintz in Tampa Bay Lightning zone.
2:57 of 2nd period - Slapshot by Filip Forsberg.
2:57 of 2nd period - Shot Misses the Net.
3:07 of 2nd period - Kirill Kaprizov is hit by Frank Vatrano and loses puck.
3:30 of 2nd period - Icing by Lawson Crouse.
3:31 of 2nd period - Trevor Moore wins face-off versus Evan Rodrigues in Minnesota North Stars zone.
3:56 of 2nd period - Wrist shot by Lawson Crouse.
3:56 of 2nd period - Stopped by Darcy Kuemper with a rebound.
4:04 of 2nd period - Wrist shot by Ivan Barbashev.
4:04 of 2nd period - Stopped by Darcy Kuemper with a rebound.
4:06 of 2nd period - Wrist shot by Evan Rodrigues.
4:06 of 2nd period - Shot Misses the Net.
4:08 of 2nd period - Snap shot by Lawson Crouse.
4:08 of 2nd period - Shot Misses the Net.
4:10 of 2nd period - Slapshot by Dylan DeMelo.
4:10 of 2nd period - Stopped by Darcy Kuemper without a rebound.
4:11 of 2nd period - Evgeni Malkin wins face-off versus Roope Hintz in Tampa Bay Lightning zone.
5:28 of 2nd period - Snap shot by Jonathan Huberdeau.
5:28 of 2nd period - Stopped by Logan Thompson with a rebound.
5:42 of 2nd period - Alexander Kerfoot is hit by Filip Forsberg.
6:11 of 2nd period - Wrist shot by Valeri Nichushkin.
6:11 of 2nd period - Shot Misses the Net.
6:25 of 2nd period - Slapshot by William Karlsson.
6:25 of 2nd period - Shot Misses the Net.
6:27 of 2nd period - Snap shot by Dylan DeMelo.
6:27 of 2nd period - Stopped by Darcy Kuemper without a rebound.
6:28 of 2nd period - Jason Dickinson wins face-off versus Brock Nelson in Tampa Bay Lightning zone.
6:30 of 2nd period - Minor Penalty to Dylan Cozens for Interference.
6:31 of 2nd period - William Karlsson wins face-off versus Anze Kopitar in Tampa Bay Lightning zone.
6:39 of 2nd period - Off-side.
6:40 of 2nd period - Anze Kopitar wins face-off versus William Karlsson in neutral zone.
6:47 of 2nd period - Wrist shot by Travis Konecny.
6:47 of 2nd period - Deflect By Anze Kopitar.
6:47 of 2nd period - Stopped by Logan Thompson without a rebound.
6:48 of 2nd period - Jason Dickinson wins face-off versus Evgeni Malkin in Minnesota North Stars zone.
6:49 of 2nd period - Snap shot by Trevor Moore.
6:49 of 2nd period - Deflect By Jason Dickinson.
6:49 of 2nd period - Shot Misses the Net.
6:49 of 2nd period - Puck is out of play.
6:50 of 2nd period - Jason Dickinson wins face-off versus Evgeni Malkin in Minnesota North Stars zone.
7:18 of 2nd period - Travis Konecny is hit by Neal Pionk and loses puck.
7:25 of 2nd period - Slapshot by Anze Kopitar.
7:25 of 2nd period - Stopped by Logan Thompson without a rebound.
7:26 of 2nd period - William Karlsson wins face-off versus Anze Kopitar in Minnesota North Stars zone.
8:30 of 2nd period - Penalty to Dylan Cozens is over, Dylan Cozens is back on ice.
8:45 of 2nd period - Wrist shot by Travis Konecny.
8:45 of 2nd period - Stopped by Logan Thompson without a rebound.
8:46 of 2nd period - Lawson Crouse wins face-off versus Jamie Benn in Minnesota North Stars zone.
9:37 of 2nd period - Wrist shot by William Karlsson.
9:37 of 2nd period - Shot Misses the Net.
9:39 of 2nd period - Snap shot by Valeri Nichushkin.
9:39 of 2nd period - Shot Blocked by Moritz Seider.
9:41 of 2nd period - Snap shot by William Karlsson.
9:41 of 2nd period - Stopped by Darcy Kuemper without a rebound.
9:42 of 2nd period - Anze Kopitar wins face-off versus Brock Nelson in Tampa Bay Lightning zone.
9:44 of 2nd period - Icing by Kirill Kaprizov.
9:45 of 2nd period - Anze Kopitar wins face-off versus Brock Nelson in Tampa Bay Lightning zone.
10:02 of 2nd period - Snap shot by Jonathan Marchessault.
10:02 of 2nd period - Shot Misses the Net.
10:41 of 2nd period - Snap shot by Valeri Nichushkin.
10:41 of 2nd period - Shot Misses the Net.
11:19 of 2nd period - Snap shot by Brock Nelson.
11:19 of 2nd period - Stopped by Darcy Kuemper without a rebound.
11:20 of 2nd period - Evgeni Malkin wins face-off versus Travis Konecny in Tampa Bay Lightning zone.
12:17 of 2nd period - Wrist shot by Ivan Barbashev.
12:17 of 2nd period - Stopped by Darcy Kuemper without a rebound.
12:18 of 2nd period - Evgeni Malkin wins face-off versus Roope Hintz in Tampa Bay Lightning zone.
12:27 of 2nd period - Snap shot by Evgeni Malkin.
12:27 of 2nd period - Shot Blocked by Hampus Lindholm.
12:41 of 2nd period - Minor Penalty to Michael Matheson for Holding.
12:42 of 2nd period - Jason Dickinson wins face-off versus William Karlsson in Tampa Bay Lightning zone.
12:46 of 2nd period - Off-side.
12:47 of 2nd period - William Karlsson wins face-off versus Jason Dickinson in neutral zone.
12:56 of 2nd period - Snap shot by William Karlsson.
12:56 of 2nd period - Shot Blocked by Moritz Seider.
12:58 of 2nd period - Wrist shot by Jonathan Marchessault.
12:58 of 2nd period - Shot Misses the Net.
14:41 of 2nd period - Penalty to Michael Matheson is over, Michael Matheson is back on ice.
14:47 of 2nd period - Lawson Crouse is hit by Travis Konecny and loses puck.
15:17 of 2nd period - Snap shot by Michael Matheson.
15:17 of 2nd period - Stopped by Logan Thompson without a rebound.
15:18 of 2nd period - Jamie Benn wins face-off versus Brock Nelson in Minnesota North Stars zone.
15:19 of 2nd period - Wrist shot by Jonathan Huberdeau.
15:19 of 2nd period - Stopped by Logan Thompson with a rebound.
15:48 of 2nd period - Icing by Jonathan Marchessault.
15:49 of 2nd period - Jason Dickinson wins face-off versus Brock Nelson in Minnesota North Stars zone.
16:00 of 2nd period - Brent Burns is hit by Neal Pionk and loses puck.
16:07 of 2nd period - Snap shot by Ryan Nugent-Hopkins.
16:07 of 2nd period - Deflect By Filip Forsberg.
16:07 of 2nd period - Stopped by Darcy Kuemper without a rebound.
16:08 of 2nd period - William Karlsson wins face-off versus Gustav Nyquist in Tampa Bay Lightning zone.
16:23 of 2nd period - William Karlsson is hit by Darnell Nurse and loses puck.
16:34 of 2nd period - Evgeni Malkin is hit by Darnell Nurse and loses puck.
16:43 of 2nd period - Snap shot by Travis Konecny.
16:43 of 2nd period - Stopped by Logan Thompson without a rebound.
16:44 of 2nd period - Jamie Benn wins face-off versus Brock Nelson in Minnesota North Stars zone.
17:39 of 2nd period - Slapshot by Dylan Cozens.
17:39 of 2nd period - Stopped by Logan Thompson without a rebound.
17:40 of 2nd period - Evgeni Malkin wins face-off versus Roope Hintz in Minnesota North Stars zone.
17:55 of 2nd period - Snap shot by Travis Konecny.
17:55 of 2nd period - Stopped by Logan Thompson without a rebound.
17:56 of 2nd period - William Karlsson wins face-off versus Anze Kopitar in Minnesota North Stars zone.
19:10 of 2nd period - Evan Rodrigues is hit by Tyler Myers and loses puck.
19:55 of 2nd period - Slapshot by Darnell Nurse.
19:55 of 2nd period - Stopped by Logan Thompson with a rebound.
Goals for this period are 0 for Tampa Bay Lightning vs 0 for Minnesota North Stars.
Shots for this period are 11 for Tampa Bay Lightning vs 15 for Minnesota North Stars.
3rd period
0:01 of 3rd period - Roope Hintz wins face-off versus William Karlsson in neutral zone.
0:08 of 3rd period - Wrist shot by Travis Konecny.
0:08 of 3rd period - Shot Misses the Net.
0:10 of 3rd period - Slapshot by Brent Burns.
0:10 of 3rd period - Stopped by Logan Thompson with a rebound.
0:16 of 3rd period - Slapshot by Roope Hintz.
0:16 of 3rd period - Shot Misses the Net.
0:53 of 3rd period - Wrist shot by Brock Nelson.
0:53 of 3rd period - Shot Misses the Net.
3:02 of 3rd period - Off-side.
3:03 of 3rd period - Roope Hintz wins face-off versus Evgeni Malkin in neutral zone.
3:06 of 3rd period - Dylan DeMelo is hit by Roope Hintz and loses puck.
3:29 of 3rd period - Gustav Nyquist is hit by Dylan DeMelo and loses puck.
3:38 of 3rd period - Snap shot by William Karlsson.
3:38 of 3rd period - Shot Misses the Net.
3:40 of 3rd period - Slapshot by Jonas Brodin.
3:40 of 3rd period - Deflect By Valeri Nichushkin.
3:40 of 3rd period - Stopped by Darcy Kuemper without a rebound.
3:41 of 3rd period - Evgeni Malkin wins face-off versus Roope Hintz in Tampa Bay Lightning zone.
3:46 of 3rd period - Slapshot by Evgeni Malkin.
3:46 of 3rd period - Shot Misses the Net.
4:08 of 3rd period - Hampus Lindholm is hit by Rasmus Dahlin and loses puck.
4:47 of 3rd period - Erik Cernak is hit by Travis Konecny and loses puck.
4:58 of 3rd period - Snap shot by Lawson Crouse.
4:58 of 3rd period - Shot Misses the Net.
5:14 of 3rd period - Dylan Cozens is hit by Alexander Kerfoot and loses puck.
6:15 of 3rd period - Slapshot by Frank Vatrano.
6:15 of 3rd period - Stopped by Darcy Kuemper without a rebound.
6:16 of 3rd period - Roope Hintz wins face-off versus Evgeni Malkin in Tampa Bay Lightning zone.
6:23 of 3rd period - Slapshot by Brent Burns.
6:23 of 3rd period - Stopped by Logan Thompson with a rebound.
6:25 of 3rd period - Slapshot by Brent Burns.
6:25 of 3rd period - Deflect By Jack Hughes.
6:25 of 3rd period - Stopped by Logan Thompson with a rebound.
6:27 of 3rd period - Snap shot by Brent Burns.
6:27 of 3rd period - Stopped by Logan Thompson without a rebound.
6:28 of 3rd period - Roope Hintz wins face-off versus Evgeni Malkin in Minnesota North Stars zone.
6:43 of 3rd period - Wrist shot by Filip Forsberg.
6:43 of 3rd period - Stopped by Logan Thompson with a rebound.
7:48 of 3rd period - Snap shot by Jack Hughes.
7:48 of 3rd period - Stopped by Darcy Kuemper without a rebound.
7:49 of 3rd period - William Karlsson wins face-off versus Gustav Nyquist in Tampa Bay Lightning zone.
9:11 of 3rd period - Filip Forsberg is hit by Erik Cernak and loses puck.
10:06 of 3rd period - Filip Forsberg is hit by Valeri Nichushkin.
10:13 of 3rd period - Icing by Valeri Nichushkin.
10:14 of 3rd period - William Karlsson wins face-off versus Jamie Benn in Minnesota North Stars zone.
10:27 of 3rd period - Wrist shot by Jack Hughes.
10:27 of 3rd period - Stopped by Darcy Kuemper with a rebound.
10:31 of 3rd period - Snap shot by Jack Hughes.
10:31 of 3rd period - Shot Blocked by Brent Burns.
10:37 of 3rd period - Minor Penalty to Jonathan Huberdeau for Interference.
10:38 of 3rd period - William Karlsson wins face-off versus Jason Dickinson in Tampa Bay Lightning zone.
10:47 of 3rd period - Wrist shot by Jonathan Marchessault.
10:47 of 3rd period - Shot Misses the Net.
10:53 of 3rd period - Wrist shot by Jack Hughes.
10:53 of 3rd period - Shot Blocked by Trevor Moore.
11:15 of 3rd period - Snap shot by Valeri Nichushkin.
11:15 of 3rd period - Deflect By Frank Vatrano.
11:15 of 3rd period - Stopped by Darcy Kuemper without a rebound.
11:16 of 3rd period - William Karlsson wins face-off versus Jason Dickinson in Tampa Bay Lightning zone.
12:37 of 3rd period - Penalty to Jonathan Huberdeau is over, Jonathan Huberdeau is back on ice.
13:17 of 3rd period - Jonas Brodin is hit by Jamie Benn and loses puck.
13:40 of 3rd period - Frank Vatrano is hit by Dylan Cozens and loses puck.
14:07 of 3rd period - Gustav Forsling is hit by Travis Konecny and loses puck.
14:28 of 3rd period - Jonathan Marchessault is hit by Filip Forsberg.
14:36 of 3rd period - Snap shot by Ryan Nugent-Hopkins.
14:36 of 3rd period - Shot Blocked by Darnell Nurse.
14:38 of 3rd period - Slapshot by Gustav Forsling.
14:38 of 3rd period - Shot Misses the Net.
14:40 of 3rd period - Backhand shot by Gustav Forsling.
14:40 of 3rd period - Stopped by Darcy Kuemper without a rebound.
14:41 of 3rd period - Anze Kopitar wins face-off versus Evgeni Malkin in Tampa Bay Lightning zone.
14:41 of 3rd period - Anze Kopitar is hit by Alexander Kerfoot.
16:05 of 3rd period - Snap shot by Valeri Nichushkin.
16:05 of 3rd period - Shot Misses the Net.
17:07 of 3rd period - Darnell Nurse is hit by Dylan DeMelo and loses puck.
17:12 of 3rd period - Wrist shot by Frank Vatrano.
17:12 of 3rd period - Stopped by Darcy Kuemper with a rebound.
17:14 of 3rd period - Wrist shot by Valeri Nichushkin.
17:14 of 3rd period - Stopped by Darcy Kuemper with a rebound.
18:13 of 3rd period - Rasmus Dahlin is hit by Anze Kopitar and loses puck.
18:24 of 3rd period - Erik Cernak is hit by Moritz Seider and loses puck.
18:35 of 3rd period - Wrist shot by Valeri Nichushkin.
18:35 of 3rd period - Deflect By William Karlsson.
18:35 of 3rd period - Stopped by Darcy Kuemper with a rebound.
18:55 of 3rd period - Brock Nelson is hit by Anze Kopitar.
19:36 of 3rd period - Erik Cernak is hit by Dylan Cozens and loses puck.
19:52 of 3rd period - Darnell Nurse is hit by Valeri Nichushkin and loses puck.
Goals for this period are 0 for Tampa Bay Lightning vs 0 for Minnesota North Stars.
Shots for this period are 5 for Tampa Bay Lightning vs 9 for Minnesota North Stars.
Overtime #1
0:01 of 1st overtime period - William Karlsson wins face-off versus Travis Konecny in neutral zone.
0:10 of 1st overtime period - Snap shot by Valeri Nichushkin.
0:10 of 1st overtime period - Stopped by Darcy Kuemper without a rebound.
0:11 of 1st overtime period - Anze Kopitar wins face-off versus Evgeni Malkin in Tampa Bay Lightning zone.
0:47 of 1st overtime period - Jamie Benn is hit by William Karlsson and loses puck.
1:52 of 1st overtime period - Rasmus Dahlin is hit by Travis Konecny and loses puck.
2:29 of 1st overtime period - Icing by Filip Forsberg.
2:30 of 1st overtime period - Evgeni Malkin wins face-off versus Filip Forsberg in Tampa Bay Lightning zone.
Goals for this period are 0 for Tampa Bay Lightning vs 0 for Minnesota North Stars.
Shots for this period are 0 for Tampa Bay Lightning vs 1 for Minnesota North Stars.
ShootOut
5:00 of 1st overtime period - Round #1.
5:00 of 1st overtime period - Tampa Bay Lightning, Trevor Moore.
5:00 of 1st overtime period - Deke by Trevor Moore.
5:00 of 1st overtime period - Stopped by Logan Thompson.
5:00 of 1st overtime period - Minnesota North Stars, Valeri Nichushkin.
5:00 of 1st overtime period - Backhand shot by Valeri Nichushkin.
5:00 of 1st overtime period - Shot Misses the Net.
5:00 of 1st overtime period - Round #2.
5:00 of 1st overtime period - Tampa Bay Lightning, Filip Forsberg.
5:00 of 1st overtime period - Deke by Filip Forsberg.
5:00 of 1st overtime period - Stopped by Logan Thompson.
5:00 of 1st overtime period - Minnesota North Stars, William Karlsson.
5:00 of 1st overtime period - Backhand shot by William Karlsson.
5:00 of 1st overtime period - Goal by William Karlsson.
5:00 of 1st overtime period - Round #3.
5:00 of 1st overtime period - Tampa Bay Lightning, Kirill Kaprizov.
5:00 of 1st overtime period - Backhand shot by Kirill Kaprizov.
5:00 of 1st overtime period - Stopped by Logan Thompson.
Back to the Top